 Dungeon Crawl Stone Soup version 0.22-a0-40-g3d2f077 (webtiles) character file.

24489 Lanoc the Severer (level 12, -1/168 HPs)
             Began as a Minotaur Monk on Jan 4, 2018.
             Was a High Priest of Trog.
             Slain by a white ugly thing (16 damage)
             ... on level 13 of the Dungeon.
             The game lasted 00:27:36 (12017 turns).

Lanoc the Severer (Minotaur Monk)                  Turns: 12017, Time: 00:27:36

Health: -1/168     AC: 10    Str: 21    XL:     12   Next: 81%
Magic:  11/11      EV: 20    Int:  7    God:    Trog [*****.]
Gold:   881        SH:  0    Dex: 18    Spells: 11/11 levels left

rFire    . . .     SeeInvis .   B - +2 hand axe (elec)
rCold    . . .     Gourm    +   (no shield)
rNeg     + . .     Faith    .   Q - +0 troll leather armour
rPois    .         Spirit   .   (helmet restricted)
rElec    .         Reflect  .   (no cloak)
rCorr    .         Harm     .   (no gloves)
MR       .....                  k - +2 pair of boots
Stlth    ..........             P - amulet of the gourmand
HPRegen  0.78/turn              v - ring of positive energy
MPRegen  0.12/turn              D - +1 ring of protection

@: berserking (expiring), very quick
A: retaliatory headbutt, horns 2
a: Berserk, Trog's Hand, Brothers in Arms, Burn Spellbooks, Renounce Religion


You were on level 13 of the Dungeon.
You worshipped Trog.
Trog was extremely pleased with you.
You were full.

You visited 1 branch of the dungeon, and saw 14 of its levels.

You collected 881 gold pieces.

Inventory:

Hand Weapons
 B - a +2 hand axe of electrocution (weapon)
 J - the +10 mace of the Salmon {venom, Int+4}
   (You found it on level 9 of the Dungeon)

   It poisons the flesh of those it strikes.
   It affects your intelligence (+4).
 O - a +3 longbow of flaming
 S - a +2 antimagic hand axe
Missiles
 n - 271 arrows
 I - 5 javelins of penetration (quivered)
 R - 22 bolts
Armour
 k - a +2 pair of boots (worn)
 Q - a +0 troll leather armour (worn)
Jewellery
 v - a ring of positive energy (left hand)
 z - an uncursed ring of flight
 D - a +1 ring of protection (right hand)
 P - an amulet of the gourmand (around neck)
Wands
 x - a wand of acid (7)
 F - a wand of disintegration (19)
 G - a wand of random effects (10)
 M - a wand of polymorph (15)
 N - a wand of digging (11)
Scrolls
 a - 2 scrolls of identify
 b - 4 scrolls of fear
 d - 2 scrolls of magic mapping
 e - 7 scrolls of remove curse
 h - 6 scrolls of teleportation
 i - 2 scrolls of amnesia {unknown}
 j - 3 scrolls of enchant armour
 p - 2 scrolls of enchant weapon
 r - a scroll of noise {unknown}
 t - a scroll of silence {unknown}
 w - 2 scrolls of fog
 y - 2 scrolls of blinking {unknown}
 E - a scroll of torment {unknown}
 H - a scroll of vulnerability {unknown}
 K - a scroll of acquirement {unknown}
Potions
 f - a potion of haste
 g - 9 potions of curing
 l - 4 potions of might
 m - a potion of ambrosia
 o - 4 potions of mutation
 q - 2 potions of brilliance
 u - 2 potions of cancellation {unknown}
 A - a potion of lignification {unknown}
 C - a potion of agility {unknown}
 L - a potion of degeneration {unknown}
Comestibles
 c - 28 rations


   Skills:
 + Level 12.1 Fighting
 * Level 15.9 Axes
 + Level 11.5 Armour
 + Level 11.1 Dodging
 - Level 1.5 Stealth


You had 11 spell levels left.
You didn't know any spells.

Dungeon Overview and Level Annotations

Branches:
Dungeon (14/15)            Temple (0/1) D:6            Lair (0/6) D:8
    Orc (0/2) D:12
 Vaults: D:13-14

Altars:
Ashenzari
Dithmenos
Qazlal
Sif Muna
Trog
Wu Jian
Yredelemnul
Zin

Shops:
D:5 (


Innate Abilities, Weirdness & Mutations

You reflexively headbutt those who attack you in melee.
You have a pair of horns on your head.


Message History

The white ugly thing is heavily wounded.
You hit the white ugly thing. You slash the white ugly thing!
The white ugly thing basks in the mutagenic energy from its kin and changes!
The white ugly thing headbutts you! The white ugly thing freezes you!!
The white ugly thing pecks you. The white ugly thing freezes you!!
The white ugly thing gores you! The white ugly thing freezes you!
An orc warrior comes into view. It is wielding a trident.
You climb upwards.
You feel a strong urge to attack something.
There is a stone staircase leading down here.
You hit the white ugly thing.
The white ugly thing is heavily wounded.
You closely miss the white ugly thing. x2; The white ugly thing pecks you!
* * * LOW HITPOINT WARNING * * *
The white ugly thing freezes you!!
* * * LOW HITPOINT WARNING * * *
The white ugly thing gores you!
* * * LOW HITPOINT WARNING * * *
The white ugly thing freezes you!
You die...

#.## #........# #..
#..# #........# #.#
##.# #..#.###.# #.#
#.#######..#.# #.# #.#
#.#........#.# #.# #..
#.#........#.# #.# ###
#.#.._..#..#.# #.#
#.......#..#.###.#
#........u@......#
####..###.uu.....#
#...).))....#.##
###.########..#.#
#.............#.#
#.#.########..#.#######
#.#.# #..........#
#.#.# #.##.#####.###
#.#.# #............#


You could see 3 ugly things.

Vanquished Creatures
  Nessos (D:12)
  A catoblepas (D:13)
  A hydra (D:10)
  2 centaur warriors (D:13)
  2 two-headed ogres
  2 unseen horrors
  The ghost of 4thArraOfDagon the Reanimator, a novice DDNe of Ru (D:12)
  3 ugly things
  3 cyclopes
  4 deep elf magi
  A manticore (D:13)
  A gargoyle (D:11)
  A komodo dragon (D:11)
  An efreet (D:12)
  3 trolls
  2 dream sheep (D:10)
  4 hippogriffs
  4 slime creatures (D:12)
  A wraith (D:13)
  2 vampires
  8 yaks
  Sigmund (D:3)
  5 wyverns
  A steam dragon (D:11)
  2 basilisks (D:13)
  2 hungry ghosts
  3 vampire mosquitoes (D:12)
  Menkaure (D:6)
  A water moccasin (D:12)
  An acid dragon (D:12)
  Duvessa (D:5)
  4 orc warriors
  2 sky beasts (D:10)
  A swamp drake (D:8)
  A hornet zombie (D:10)
  A black bear (D:6)
  An ice beast (D:12)
  A necrophage (D:10)
  2 ogres
  3 phantoms
  9 centaurs
  2 crocodiles (D:8)
  5 big kobolds
  8 bullfrogs
  A wyvern zombie (D:11)
  Dowan (D:5)
  7 earth elementals (D:13)
  3 scorpions
  The ghost of Lanoc the Chopper, a weakling MiMo (D:4)
  15 killer bees
  3 wights (D:12)
  7 howler monkeys
  4 crimson imps
  3 centaur zombies
  4 jellies
  2 quasits
  A gnoll shaman (D:8)
  8 hounds
  4 orc priests
  An iguana (D:6)
  8 orc wizards
  10 worker ants
  3 hound skeletons
  2 hound zombies
  Robin (D:3)
  A worker ant zombie (D:11)
  14 gnolls
  9 adders
  A shadow imp (D:11)
  An adder zombie (D:7)
  An adder skeleton (D:9)
  2 dart slugs (D:3)
  A worm (D:2)
  4 leopard geckos
  34 orcs
  8 bats
  5 giant cockroaches
  10 goblins
  8 hobgoblins
  11 jackals
  7 quokkas
  2 ball pythons (D:4)
  9 frilled lizards
  14 kobolds
  2 rats (D:1)
339 creatures vanquished.

Vanquished Creatures (others)
  A centaur (D:13)
1 creature vanquished.

Grand Total: 340 creatures vanquished

Notes
Turn   | Place    | Note
-------+----------+-------------------------------------------
     0 | D:1      | Lanoc the Minotaur Monk began the quest for the Orb.
     0 | D:1      | Reached XP level 1. HP: 19/19 MP: 0/0
   209 | D:1      | Reached XP level 2. HP: 14/27 MP: 1/1
   385 | D:1      | Reached skill level 4 in Axes
   665 | D:1      | Reached skill level 1 in Armour
   893 | D:2      | Found a bloodstained altar of Trog.
   899 | D:2      | Reached XP level 3. HP: 32/33 MP: 2/2
   909 | D:2      | Became a worshipper of Trog the Wrathful
   909 | D:2      | Reached * piety under Trog
   909 | D:2      | Reached ** piety under Trog
  1172 | D:2      | Found a shadowy altar of Dithmenos.
  1345 | D:2      | Reached XP level 4. HP: 39/40 MP: 3/3
  1756 | D:3      | Noticed Robin
  1782 | D:3      | Killed Robin
  1782 | D:3      | Reached skill level 5 in Axes
  1812 | D:3      | Noticed Sigmund
  1869 | D:3      | Killed Sigmund
  1869 | D:3      | Reached XP level 5. HP: 23/47 MP: 4/4
  2091 | D:3      | Reached XP level 6. HP: 55/55 MP: 5/5
  2144 | D:3      | Found a glowing silver altar of Zin.
  2511 | D:4      | Found a stormy altar of Qazlal.
  2666 | D:4      | Reached skill level 6 in Axes
  2691 | D:4      | Reached *** piety under Trog
  2691 | D:4      | Reached skill level 5 in Fighting
  2980 | D:4      | Noticed Lanoc's ghost (weakling MiMo)
  2988 | D:4      | Killed Lanoc's ghost
  3298 | D:5      | Entered Level 5 of the Dungeon
  3371 | D:5      | Reached XP level 7. HP: 54/61 MP: 6/6
  3472 | D:5      | Noticed Duvessa
  3473 | D:5      | Noticed Dowan
  3481 | D:5      | Killed Duvessa
  3481 | D:5      | Reached skill level 5 in Dodging
  3485 | D:5      | Killed Dowan
  3485 | D:5      | Reached skill level 7 in Axes
  3589 | D:5      | Found Ofyidot's Antique Weapon Emporium.
  3663 | D:5      | HP: 3/62 [poisoned by an adder]
  4273 | D:6      | Noticed Menkaure
  4282 | D:6      | Killed Menkaure
  4282 | D:6      | Reached XP level 8. HP: 26/70 MP: 7/7
  4291 | D:6      | Reached skill level 8 in Axes
  4581 | D:6      | Reached skill level 5 in Armour
  4654 | D:6      | Found a staircase to the Ecumenical Temple.
  4669 | D:6      | Got a shimmering mace
  4670 | D:6      | Identified the +7 mace of Impermanence {drain, *Rage rElec MR+++ Str-2} (You found it on level 6 of the Dungeon)
  4701 | D:6      | Reached skill level 9 in Axes
  4773 | D:6      | Reached **** piety under Trog
  5185 | D:7      | Noticed a hippogriff
  5194 | D:7      | Killed a hippogriff
  5222 | D:7      | Reached XP level 9. HP: 52/79 MP: 8/8
  5266 | D:7      | Reached skill level 10 in Axes
  5560 | D:7      | Found a basalt altar of Yredelemnul.
  5961 | D:7      | Found an ornate altar of the Wu Jian Council.
  6734 | D:8      | Reached skill level 11 in Axes
  6953 | D:8      | Reached XP level 10. HP: 90/90 MP: 9/9
  7021 | D:8      | Found a staircase to the Lair.
  7422 | D:9      | Noticed a two-headed ogre
  7438 | D:9      | Killed a two-headed ogre
  7623 | D:9      | Reached skill level 12 in Axes
  7696 | D:9      | Reached ***** piety under Trog
  7696 | D:9      | Received a gift from Trog
  7751 | D:9      | Found a deep blue altar of Sif Muna.
  7817 | D:9      | Got a bone mace
  7818 | D:9      | Identified the +10 mace of the Salmon {venom, Int+4} (You found it on level 9 of the Dungeon)
  8043 | D:10     | Entered Level 10 of the Dungeon
  8124 | D:10     | Noticed a cyan ugly thing
  8137 | D:10     | Killed a cyan ugly thing
  8825 | D:10     | Reached skill level 13 in Axes
  8825 | D:10     | Reached XP level 11. HP: 99/99 MP: 10/10
  8833 | D:10     | Reached skill level 10 in Fighting
  8862 | D:10     | Noticed a three-headed hydra
  8877 | D:10     | Killed a three-headed hydra
  9604 | D:12     | Noticed 4thArraOfDagon's ghost (novice DDNe)
  9612 | D:12     | Killed 4thArraOfDagon's ghost
  9612 | D:12     | Received a gift from Trog
  9697 | D:12     | Noticed Nessos
  9718 | D:12     | Killed Nessos
  9718 | D:12     | Reached skill level 14 in Axes
  9718 | D:12     | Reached skill level 10 in Armour
  9753 | D:12     | Noticed a deep elf mage
  9763 | D:12     | Killed a deep elf mage
  9768 | D:12     | Reached skill level 10 in Dodging
  9862 | D:12     | Noticed a deep elf mage
  9875 | D:12     | Killed a deep elf mage
 10074 | D:12     | Noticed a two-headed ogre
 10082 | D:12     | Killed a two-headed ogre
 10095 | D:12     | Killed an unseen horror
 10095 | D:12     | Reached XP level 12. HP: 64/110 MP: 11/11
 10554 | D:12     | Found a staircase to the Orcish Mines.
 10923 | D:13     | Noticed a centaur warrior
 10926 | D:13     | Reached skill level 15 in Axes
 10930 | D:13     | Killed a centaur warrior
 11013 | D:13     | Found a shattered altar of Ashenzari.
 11019 | D:13     | Noticed a centaur warrior
 11029 | D:13     | Killed a centaur warrior
 11390 | D:13     | Identified Sif Muna's Tome of Poisonous Ignition
 11394 | D:13     | Received a gift from Trog
 11808 | D:13     | Noticed a catoblepas
 11815 | D:13     | Killed a catoblepas
 12017 | D:13     | Slain by a white ugly thing

Vault maps used:
D:1:      ncdulo_wetmaze
D:2:      lemuel_round_altar, bloody_trog
D:3:      nicolae_overflow_crystal_walls, uniq_sigmund, uniq_robin
D:4:      grunt_qazlal_sundering, first_ration
D:5:      serial_shops, shop_fountains, hangedman_decor_riveting, uniq_duvessa
D:6:      minmay_temple_entry_crystal_x, kennysheep_generic_room_13,
          uniq_menkaure
D:7:      kennysheep_little_box, lemuel_coloured_pillars_altar
D:8:      erik_lair_dragon
D:9:      serial_column_ruins, column_ruins_temple_hut,
          column_ruins_corridor_straight, column_ruins_grid_1,
          column_ruins_corridor_straight, column_ruins_grid_1,
          column_ruins_columns_straight, column_ruins_corridor_corner,
          column_ruins_open_tiny
D:10:     hangedman_ranch
D:12:     david_orc_2, uniq_nessos
D:13:     basic_altar, kennysheep_nub, hangedman_cracks_in_the_wall
D:14:     david_vaults_4, hangedman_decor_clover_reticule

Skill      XL: |  1  2  3  4  5  6  7  8  9 10 11 12 |
---------------+-------------------------------------+-----
Axes           | 4 5 6 7 9 11 13 14 15 | 15.9
Armour         | 1 2 3 4 6 7 9 10 11 | 11.5
Fighting       | 4 5 6 7 8 9 11 12 | 12.1
Dodging        | 4 5 6 7 9 10 11 | 11.1
Stealth        | |  1.5

Action                   |  1- 3 |  4- 6 |  7- 9 | 10-12 || total
-------------------------+-------+-------+-------+-------++-------
Melee: Hand axe          |    68 |   121 |   216 |   619 ||  1024
       Headbutt          |     8 |    15 |    42 |   153 ||   218
       Mace              |       |       |       |    12 ||    12
Invok: Berserk           |       |     3 |     6 |    15 ||    24
       Burn Spellbooks   |       |       |     1 |     1 ||     2
  Use: Scroll            |       |       |    12 |       ||    12
       Potion            |       |       |       |     6 ||     6
 Stab: Sleeping          |     2 |     2 |     4 |     5 ||    13
       Distracted        |       |       |     1 |     2 ||     3
  Eat: Chunk             |     1 |    10 |    13 |    42 ||    66
       Ration            |       |       |     1 |     2 ||     3
Armor: Robe              |     6 |     2 |       |       ||     8
       Ring mail         |       |    19 |    66 |       ||    85
       Steam dragon scal |       |       |     5 |   100 ||   105
       Troll leather arm |       |       |       |     8 ||     8
Dodge: Dodged            |    47 |    86 |   179 |   397 ||   709

Table legend:
 A = Spawn XP
 B = Non-spawn XP
 C = Spawn XP percentage of total XP
 D = Spawn monster count
 E = Non-spawn monster count
 F = Spawn count percentage of total count
 G = Total turns spent on level
                    A         B        C        D         E        F      G
               +---------+---------+-------+---------+---------+-------+---------
         Total |       0 |   34985 |   0.0 |       0 |     340 |   0.0 | 12017
               +---------+---------+-------+---------+---------+-------+---------
           D:1 |       0 |      26 |   0.0 |       0 |      17 |   0.0 |   796
           D:2 |       0 |      96 |   0.0 |       0 |      21 |   0.0 |   815
           D:3 |       0 |     283 |   0.0 |       0 |      24 |   0.0 |   876
           D:4 |       0 |     283 |   0.0 |       0 |      15 |   0.0 |   811
           D:5 |       0 |     481 |   0.0 |       0 |      13 |   0.0 |  1098
           D:6 |       0 |    1255 |   0.0 |       0 |      22 |   0.0 |   779
           D:7 |       0 |    1541 |   0.0 |       0 |      22 |   0.0 |  1049
           D:8 |       0 |    1612 |   0.0 |       0 |      20 |   0.0 |  1013
           D:9 |       0 |    2887 |   0.0 |       0 |      29 |   0.0 |   806
          D:10 |       0 |    4462 |   0.0 |       0 |      43 |   0.0 |  1050
          D:11 |       0 |    3161 |   0.0 |       0 |      34 |   0.0 |   494
          D:12 |       0 |    9112 |   0.0 |       0 |      49 |   0.0 |  1468
          D:13 |       0 |    9198 |   0.0 |       0 |      30 |   0.0 |   954
          D:14 |       0 |     588 |   0.0 |       0 |       1 |   0.0 |     8
               +---------+---------+-------+---------+---------+-------+---------
